 Dungeon Crawl Stone Soup version 0.30-a0-793-g160f7cfddd (webtiles) character file.

Game seed: 15472350845151232964

42 pokeman the Magician (level 3, -5/20 HPs)
             Began as a Deep Elf Hedge Wizard on Feb 19, 2023.
             Slain by Terence
             ... wielding a +1 flail of protection
              (8 damage)
             ... on level 2 of the Dungeon.
             The game lasted 00:03:51 (2138 turns).

pokeman the Magician (Deep Elf Hedge Wizard)        Turns: 2138, Time: 00:03:51

Health: -5/20      AC:  2    Str:  7    XL:     3   Next: 33%
Magic:  1/11       EV: 12    Int: 20    God:
Gold:   89         SH:  0    Dex: 14    Spells: 4/12 levels left

rFire   . . .      SeeInvis .    a - +0 dagger
rCold   . . .      Faith    .    (no shield)
rNeg    . . .      Spirit   .    b - +0 robe
rPois   .          Reflect  .    c - +0 hat
rElec   .          Harm     .    (no cloak)
rCorr   .          Rampage  .    (no gloves)
Will    .....                    (no boots)
Stlth   ++                       (no amulet)
HPRegen 0.23/turn                (no ring)
MPRegen 0.12/turn                (no ring)

@: very slightly contaminated
A: no striking features
a: no special abilities


You were on level 2 of the Dungeon.
You visited 1 branch of the dungeon, and saw 2 of its levels.

You collected 89 gold pieces.

Inventory:

Hand Weapons
 a - a +0 dagger (weapon)
Armour
 b - a +0 robe (worn)
 c - a +0 hat (worn)
Scrolls
 f - a scroll of acquirement {unknown}
 g - a scroll of enchant armour {unknown}
 i - 3 scrolls of identify {unknown}
 o - a scroll of fog {unknown}
Potions
 d - a potion of magic
 e - a potion of cancellation {unknown}
 h - a potion of degeneration {unknown}
 j - 3 potions of brilliance {unknown}
 k - a potion of flight {unknown}
 l - a potion of lignification {unknown}
 m - 2 potions of resistance {unknown}
 n - a potion of mutation {unknown}


   Skills:
 - Level 1.0 Fighting
 + Level 0.8 Armour
 + Level 2.4 Dodging
 - Level 2.4 Stealth
 * Level 5.2 Spellcasting
 + Level 1.8 Conjurations
 - Level 1.1 Summonings
 - Level 1.1 Translocations


You had 4 spell levels left.
You knew the following spells:

 Your Spells              Type           Power      Damage    Failure   Level
a - Magic Dart            Conj           48%        1d5       5%          1
b - Mephitic Cloud        Conj/Pois/Air  7%         N/A       26%         3
c - Call Imp              Summ           9%         N/A       11%         2
d - Blink                 Tloc           18%        N/A       11%         2

Your spell library contained the following spells:

 Spells                   Type           Power      Damage    Failure   Level
 Beastly Appendage        Tmut           10%        N/A       12%         1
 Slow                     Hex            20%        N/A       12%         1
 Cigotuvi's Dreadful Rot  Necr/Pois/Air  10%        N/A       17%         2
 Wereblood                Tmut           5%         N/A       17%         2
 Spider Form              Tmut/Pois      5%         N/A       34%         3
 Summon Forest            Summ/Tloc      4%         N/A       90%         5
 Summon Mana Viper        Hex/Summ       7%         N/A       94%         5
 Summon Cactus Giant      Summ           4%         N/A       100%        6


Dungeon Overview and Level Annotations

Branches:
Dungeon (2/15)

Altars:

Shops:
D:2 [**[

Annotations:
D:2 Terence


Message History

Your crimson imp completely misses Terence.
Terence completely misses your crimson imp.
Your crimson imp closely misses Terence.
Terence misses your crimson imp.
Your crimson imp hits Terence but does no damage.
Something completely misses your crimson imp.
Your crimson imp closely misses Terence.
Terence misses your crimson imp.
Your crimson imp blinks!
Unknown command.
Unknown command.
Casting: Call Imp (safe; 11% risk of failure)
Confirm with . or Enter, or press ? or * to list all spells.
A beastly little devil appears in a puff of flame.
Your crimson imp blinks!
Your crimson imp hits Terence but does no damage.
Terence hits your crimson imp with a +1 flail of protection.
Your crimson imp hits Terence but does no damage.
Terence barely misses your crimson imp.
Your crimson imp hits Terence but does no damage.
Terence hits your crimson imp with a +1 flail of protection.
Your crimson imp barely misses Terence.
Terence misses your crimson imp.
Your crimson imp closely misses Terence.
Terence barely misses your crimson imp.
Your crimson imp barely misses Terence.
Your crimson imp barely misses Terence.
Your crimson imp hits Terence but does no damage.
Your crimson imp blinks!
Casting: Call Imp (safe; 11% risk of failure)
Confirm with . or Enter, or press ? or * to list all spells.
You miscast Call Imp.
You are very lightly contaminated with residual magic.
Nothing appears to happen.
Terence attacks as you move away!
Terence hits you with a +1 flail of protection!
Ouch! That really hurt!
* * * LOW HITPOINT WARNING * * *
Terence attacks as you move away!
Terence hits you with a +1 flail of protection!
You die...

.#......# #.#......###
.≈≈≈....# #.#.5....#
≈≈≈~~...# #......###
≈≈∩....## #..#+####
≈≈~~~### ###.......##
#≈≈≈## #...........
###.. #####.....)...##
....
#######...@.....#####
..............@......#
...##>........##.....#
#.. ..######.##.....#
#.######## #.. ....
..... ..∩... .#####


You could see Terence (ally target) and a friendly crimson imp (summoned).

Vanquished Creatures
  A dart slug (D:1)
  8 bats
  6 endoplasms
  A giant cockroach (D:2)
  3 goblins
  2 hobgoblins (D:1)
  3 kobolds
  A quokka (D:1)
  3 ball pythons
  5 rats
33 creatures vanquished.

Vanquished Creatures (collateral kills)
  A worm (D:2)
1 creature vanquished.

Grand Total: 34 creatures vanquished

Notes
Turn   | Place    | Note
-------+----------+-------------------------------------------
     0 | D:1      | pokeman the Deep Elf Hedge Wizard began the quest for the
                  | Orb.
     0 | D:1      | Reached XP level 1. HP: 10/10 MP: 7/7
   343 | D:1      | Reached XP level 2. HP: 16/16 MP: 3/9
   866 | D:1      | Reached skill level 5 in Spellcasting
  1422 | D:1      | Reached XP level 3. HP: 20/20 MP: 8/11
  1426 | D:1      | Learned a level 3 spell: Mephitic Cloud
  1429 | D:1      | Learned a level 2 spell: Call Imp
  1432 | D:1      | Learned a level 2 spell: Blink
  1675 | D:2      | Found Guac's General Store.
  1785 | D:2      | Found Ysmucero's Armour Shoppe.
  1847 | D:2      | Found Vuer's Armour Emporium.
  2052 | D:2      | Found Cerhuf's General Store.
  2052 | D:2      | Noticed Terence
  2087 | D:2      | Reached skill level 1 in Fighting
  2138 | D:2      | Slain by Terence

Illustrated notes

Levels and vault maps discovered:
D:1:      dpeg_arrival_tiny_e, layout_loops_corners, bh_walls_and_bars
D:2:      layout_basic, serial_shops, nicolae_shop_waterfront, shop,
          shop_fountains, nicolae_shop_crystal, uniq_terence

Skill      XL: |  1  2  3 |
---------------+----------+-----
Spellcasting   | 5 |  5.2
Fighting       | 1 |  1.0
Armour         | |  0.8
Dodging        | |  2.4
Stealth        | |  2.4
Conjurations   | |  1.8
Summonings     | |  1.1
Translocations | |  1.1

Action                     || total
---------------------------++-------
  Melee: Dagger            ||     5
   Cast: Magic Dart        ||    84
         Call Imp          ||     5
         Mephitic Cloud    ||     2
   Stab: Confused          ||     1
  Dodge: Dodged            ||    11

Table legend: (Time is in decaauts)
 A = Elapsed time spent in this place.
 B = Non-inter-level travel time spent in this place.
 C = Inter-level travel time spent in this place.
 D = Time resting spent in this place.
 E = Time spent auto-exploring this place.
 F = Levels seen in this place.
 G = Mean time per level.
                   A        B        C        D        E       F      G
               +--------+--------+--------+--------+--------+-----+--------+
         Total |   2138 |   2123 |     15 |      0 |   1874 |   2 | 1069.0 |
       Dungeon |   2138 |   2123 |     15 |      0 |   1874 |   2 | 1069.0 |
               +--------+--------+--------+--------+--------+-----+--------+

Top non-repeatable levels by time:
     D:1: 1462 daAuts
     D:2: 676 daAuts
